 Dungeon Crawl Stone Soup version 0.29-a0-352-g0917bc69df (webtiles) character file.

Game seed: 487514763814605877

1515 avis the Fighter (level 8, 0/80 HPs)
             Began as a Hill Orc Monk on Apr 23, 2022.
             Was a Believer of Beogh.
             Slain by a kobold brigand
             ... wielding a +0 short sword
              (9 damage)
             ... on level 6 of the Dungeon on Apr 24, 2022.
             The game lasted 00:33:09 (8793 turns).

avis the Fighter (Hill Orc Monk)                    Turns: 8793, Time: 00:33:10

Health: 0/80       AC:  5    Str: 16    XL:     8   Next: 83%
Magic:  10/10      EV: 12    Int: 13    God:    Beogh [**....]
Gold:   310        SH:  0    Dex: 13    Spells: 7/7 levels left

rFire   . . .      SeeInvis .   a - +2 hand axe of Worarhink {flame, Drain rC+ rN++ Int+3}
rCold   + . .      Faith    .   (no shield)
rNeg    + + +      Spirit   .   B - +2 robe {rN+}
rPois   .          Reflect  .   y - +0 helmet
rElec   .          Harm     .   (no cloak)
rCorr   .          Rampage  .   (no gloves)
Will    +....                   (no boots)
Stlth   ++........              (no amulet)
HPRegen 0.23/turn               d - ring of willpower
MPRegen 0.12/turn               (no ring)

@: no status effects
A: no striking features
a: Renounce Religion, Smiting


You were on level 6 of the Dungeon.
You worshipped Beogh.
Beogh was pleased with you.
You visited 2 branches of the dungeon, and saw 7 of its levels.

You collected 310 gold pieces.

Inventory:

Hand Weapons
 a - the +2 hand axe of Worarhink (weapon) {flame, Drain rC+ rN++ Int+3}
   (You found it on level 5 of the Dungeon)

   It burns those it strikes, dealing additional fire damage.
   Big, fiery blades are also staple armaments of hydra-hunters.
   Int:       It affects your intelligence (+3).
   rC:        It protects you from cold.
   rN:        It greatly protects you from negative energy.
   Drain:     It drains your maximum health when unequipped.
 b - a +0 hunting sling
 e - a +1 mace of protection
 w - a +2 vampiric whip
 M - a +0 war axe
Missiles
 i - 11 boomerangs (quivered)
 j - a throwing net
 s - 48 stones
 G - 2 javelins
 N - 3 atropa-tipped darts
Armour
 c - a +0 chain mail
 y - a +0 helmet (worn)
 B - a +2 robe of positive energy (worn)
 E - a +1 ring mail of poison resistance
 L - a +0 buckler
Jewellery
 d - a ring of willpower (left hand)
 f - a ring of protection from cold
 z - a ring of protection from fire
Wands
 A - a wand of polymorph (6)
 F - a wand of paralysis (5)
Scrolls
 h - 2 scrolls of immolation
 k - a scroll of teleportation {unknown}
 l - 8 scrolls of identify {unknown}
 m - a scroll of enchant weapon {unknown}
 n - a scroll of silence
 r - a scroll of blinking {unknown}
 t - a scroll of fear {unknown}
 u - a scroll of brand weapon {unknown}
 C - a scroll of magic mapping {unknown}
 D - a scroll of vulnerability {unknown}
 I - a scroll of summoning {unknown}
Potions
 g - a potion of magic {unknown}
 o - 2 potions of might
 p - 2 potions of curing {unknown}
 q - 2 potions of berserk rage {unknown}
 v - a potion of resistance
 x - a potion of ambrosia
 H - a potion of attraction {unknown}


   Skills:
 + Level 10.3 Fighting
 + Level 8.0 Axes
 - Level 2.4 Dodging
 - Level 1.5 Stealth
 - Level 4.0 Shields
 - Level 3.0 Invocations


You had 7 spell levels left.
You didn't know any spells.
Your spell library contained the following spells:

 Spells                   Type           Power      Damage    Failure   Level
 Corpse Rot               Necr/Air       0%         N/A       43%         2
 Poisonous Vapours        Pois/Air       0%         N/A       43%         2
 Frozen Ramparts          Ice            0%         1d2       67%         3
 Ice Form                 Ice/Tmut       0%         N/A       97%         4
 Summon Ice Beast         Ice/Summ       0%         N/A       97%         4


Dungeon Overview and Level Annotations

Branches:
Dungeon (6/15)             Temple (1/1) D:5

Altars:
Ashenzari
Dithmenos
Elyvilon
Gozag
Kikubaaqudgha
Makhleb
Nemelex Xobeh
Okawaru
Qazlal
Ru
Sif Muna
Trog
Uskayaw
Xom
Zin
The Shining One


Message History

You destroy the wight!
Beogh accepts your kill.
Okay, then.
You hit the wight. You burn the wight.
The wight is moderately damaged.
The wight closely misses you.
You barely miss the wight.
The wight is moderately damaged.
The wight barely misses you.
You hit the wight but do no damage.
The wight is moderately damaged.
You slash the wight! You burn the wight.
The wight is almost destroyed.
The wight barely misses you.
You slash the wight! You burn the wight.
You destroy the wight!
Beogh accepts your kill.
The kobold brigand throws a poisoned dart.
The poisoned dart barely misses you.
Training target 4.0 for Shields reached!
Your Axes skill increases to level 8!
Your Shields skill increases to level 4!
You closely miss the kobold brigand. The kobold brigand closely misses you.
The gnoll barely misses you.
A kobold comes into view.
It is wielding a +0 short sword of electrocution.
The kobold shouts!
You hit the kobold brigand. You burn the kobold brigand.
The kobold brigand is lightly wounded.
The kobold brigand hits you with a +0 short sword!
* * * LOW HITPOINT WARNING * * *
The gnoll closely misses you.
You barely miss the kobold brigand.
The kobold brigand is lightly wounded.
The kobold brigand barely misses you.
The gnoll hits you from afar with a +0 spear.
* * * LOW HITPOINT WARNING * * *
You closely miss the kobold brigand.
The kobold brigand is lightly wounded.
The kobold brigand hits you with a +0 short sword!
You die...

##### # .... .
###################.# #
..............†@KgK#
#.......#########K##
#.......# #.....#
###.......# #.....#
..........### #....g#
..........'.# ####..K......
..........#.# #.........
##.########.#######.........
...........................


You could see a kobold brigand, a gnoll and 2 kobolds.

Vanquished Creatures
  Sigmund (D:3)
  2 sky beasts (D:6)
  An ogre (D:5)
  A gnoll sergeant (D:4)
  2 scorpions
  A necrophage (D:5)
  4 wights (D:6)
  2 gnoll shamans
  2 orc priests
  A jelly (D:5)
  Jessica (D:3)
  3 iguanas
  3 orc wizards
  8 gnolls
  10 adders
  A shadow imp (D:4)
  An ufetubus (D:3)
  A worm (D:5)
  5 dart slugs
  14 orcs
  2 bats
  6 endoplasms
  4 giant cockroaches
  9 goblins
  14 hobgoblins
  2 quokkas (D:4)
  12 ball pythons
  5 frilled lizards
  4 kobolds
  7 rats
129 creatures vanquished.

Vanquished Creatures (others)
  An orc (D:4)
  2 hobgoblins (D:4)
  A kobold (D:4)
4 creatures vanquished.

Grand Total: 133 creatures vanquished

Notes
Turn   | Place    | Note
-------+----------+-------------------------------------------
     0 | D:1      | avis the Hill Orc Monk began the quest for the Orb.
     0 | D:1      | Reached XP level 1. HP: 19/19 MP: 1/1
   114 | D:1      | Reached skill level 4 in Fighting
   151 | D:1      | Reached XP level 2. HP: 27/27 MP: 2/2
   629 | D:1      | Reached XP level 3. HP: 24/35 MP: 3/3
   659 | D:1      | Reached skill level 5 in Fighting
   800 | D:1      | Found a faded altar of an unknown god.
  1722 | D:2      | Reached XP level 4. HP: 34/44 MP: 4/4
  2002 | D:2      | Reached skill level 6 in Fighting
  3243 | D:3      | Reached XP level 5. HP: 34/51 MP: 5/5
  3386 | D:3      | Noticed Sigmund
  3413 | D:3      | Killed Sigmund
  3414 | D:3      | Reached skill level 7 in Fighting
  3414 | D:3      | Reached skill level 5 in Axes
  3414 | D:3      | Reached XP level 6. HP: 15/60 MP: 6/6
  3756 | D:3      | Noticed Jessica
  3765 | D:3      | Killed Jessica
  4430 | D:4      | Reached skill level 8 in Fighting
  4598 | D:4      | Reached XP level 7. HP: 25/68 MP: 7/7
  4876 | D:4      | Became a worshipper of Beogh the Brigand
  4876 | D:4      | Reached * piety under Beogh
  4876 | D:4      | Reached ** piety under Beogh
  5231 | D:4      | Found a shimmering altar of Xom.
  5381 | D:4      | Found a glowing silver altar of Zin.
  5381 | D:4      | Noticed an angel
  5487 | D:4      | Found a white marble altar of Elyvilon.
  5927 | D:5      | Entered Level 5 of the Dungeon
  6171 | D:4      | Reached skill level 9 in Fighting
  6735 | D:5      | Identified the +2 hand axe of Worarhink {flame, Drain rC+
                  | rN++ Int+3}
  7004 | D:5      | Reached skill level 1 in Invocations
  7004 | D:5      | Reached XP level 8. HP: 22/79 MP: 8/8
  7368 | D:5      | Found a staircase to the Ecumenical Temple.
  7381 | Temple   | Entered the Ecumenical Temple
  7692 | D:5      | Reached skill level 1 in Shields
  8107 | D:5      | Found an ancient bone altar of Kikubaaqudgha.
  8543 | D:6      | Reached skill level 10 in Fighting
  8793 | D:6      | Slain by a kobold brigand

Illustrated notes

Levels and vault maps discovered:
D:1:      erik_arrival_cave_to_civilisation [erik_arrival_cave_to_hall],
          layout_loops_ring, chequers_ecumenical_altar_simple_redux
D:2:      layout_basic
D:3:      layout_basic, uniq_sigmund, uniq_jessica
D:4:      layout_loops_ring, zin_angel, amcnicky_altar_gilded,
          mainiacjoe_overflow_chevrons, minmay_tree_intersection
D:5:      layout_cave_pools, mainiacjoe_overflow_alcove_2,
          minmay_temple_entry_mini_moons, kennysheep_generic_room_9
D:6:      cheibrodos_quashed, layout_basic, portal_sewer_entry_a,
          grunt_ministairs_10
Temple:   nicolae_temple_no_exploring_needed

Skill      XL: |  1  2  3  4  5  6  7  8 |
---------------+-------------------------+-----
Fighting       | 4 5 6 7 8 9 10 | 10.3
Axes           | 5 7 8 |  8.0
Invocations    | 1 3 |  3.0
Shields        | 4 |  4.0
Dodging        | |  2.4
Stealth        | |  1.5

Action                   |  1- 3 |  4- 6 |  7- 9 || total
-------------------------+-------+-------+-------++-------
Melee: Hand axe          |   109 |   138 |   156 ||   403
       Punch             |     2 |     3 |     3 ||     8
       Unarmed           |       |     3 |       ||     3
       War axe           |       |       |    80 ||    80
 Fire: Hunting sling     |       |    90 |    14 ||   104
Throw: Boomerang         |       |       |     3 ||     3
Invok: Convert to Beogh  |       |       |     1 ||     1
  Use: Potion            |     1 |       |       ||     1
       Scroll            |       |       |     2 ||     2
 Stab: Sleeping          |     4 |       |     1 ||     5
Armor: Robe              |    18 |    14 |    33 ||    65
       Ring mail         |       |     5 |       ||     5
Dodge: Dodged            |    68 |    98 |   120 ||   286

Table legend: (Time is in decaauts)
 A = Elapsed time spent in this place.
 B = Non-inter-level travel time spent in this place.
 C = Inter-level travel time spent in this place.
 D = Time resting spent in this place.
 E = Time spent auto-exploring this place.
 F = Levels seen in this place.
 G = Mean time per level.
                   A        B        C        D        E       F      G
               +--------+--------+--------+--------+--------+-----+--------+
         Total |   8856 |   7876 |    980 |   3286 |   3007 |   7 | 1265.1 |
       Dungeon |   8843 |   7863 |    980 |   3286 |   3007 |   6 | 1473.8 |
        Temple |     13 |     13 |      0 |      0 |      0 |   1 |   13.0 |
               +--------+--------+--------+--------+--------+-----+--------+

Top non-repeatable levels by time:
     D:4: 2614 daAuts
     D:1: 1791 daAuts
     D:5: 1609 daAuts
     D:2: 1319 daAuts
     D:3: 1226 daAuts
     D:6: 282 daAuts
  Temple: 13 daAuts
